 Dungeon Crawl Stone Soup version 0.26-a0-778-g3fe0686644 (webtiles) character file.

Game seed: 6211316227062551138

8 marklar909 the Magician (level 2, 0/20 HPs)
             Began as a Draconian Hedge Wizard on Nov 9, 2020.
             Slain by a jackal (3 damage)
             ... on level 1 of the Dungeon.
             The game lasted 00:00:28 (225 turns).

marklar909 the Magician (Draconian Hedge Wizard)     Turns: 225, Time: 00:00:28

Health: 0/20       AC:  4    Str: 12    XL:     2   Next: 0%
Magic:  1/6        EV: 12    Int: 14    God:
Gold:   25         SH:  0    Dex: 10    Spells: 7/8 levels left

rFire    . . .     SeeInvis .   (no weapon)
rCold    . . .     Faith    .   (no shield)
rNeg     . . .     Spirit   .   (armour unavailable)
rPois    .         Reflect  .   b - +0 hat
rElec    .         Harm     .   (no cloak)
rCorr    .         Rampage  .   (no gloves)
MR       .....                  (no boots)
Stlth    ++........             (no amulet)
HPRegen  0.06/turn              (no ring)
MPRegen  0.10/turn              (no ring)

@: very slightly contaminated
A: unfitting armour, cold-blooded, AC +4
a: no special abilities


You were on level 1 of the Dungeon.
You visited 1 branch of the dungeon, and saw 1 of its levels.

You collected 25 gold pieces.

Inventory:

Armour
 b - a +0 hat (worn)
Scrolls
 a - a scroll of magic mapping {unknown}
Potions
 c - a potion of haste {unknown}


   Skills:
 + Level 1.7 Dodging
 + Level 1.7 Stealth
 + Level 3.5 Spellcasting
 + Level 1.0 Conjurations
   Level 1.0 Summonings
   Level 1.0 Translocations


You had 7 spell levels left.
You knew the following spells:

 Your Spells              Type           Power        Failure   Level
a - Magic Dart            Conj           #...         14%         1

Your spell library contained the following spells:

 Spells                   Type           Power        Failure   Level
 Blink                    Tloc           N/A          21%         2
 Call Imp                 Summ           #.......     21%         2
 Slow                     Hex            #.......     30%         2
 Conjure Flame            Conj/Fire      #.......     45%         3
 Mephitic Cloud           Conj/Pois/Air  #.......     47%         3


Dungeon Overview and Level Annotations

Branches:
Dungeon (1/15)

Altars:


Innate Abilities, Weirdness & Mutations

Your plain brown scales are hard. (AC +4)
You cannot fit into any form of body armour.
You are cold-blooded and may be slowed by cold attacks.


Message History

* * * LOW HITPOINT WARNING * * *
The hobgoblin shouts!
You hit the leopard gecko.
You kill the leopard gecko!
You have reached level 2!
The jackal bites you but does no damage.
The jackal misses you.
Your magical contamination has completely faded away.
You see here a whip.
The jackal bites you.
* * * LOW HITPOINT WARNING * * *
Casting: Magic Dart (safe; 14% risk of failure)
Confirm with . or Enter, or press ? or * to list all spells.
Aiming: Magic Dart (safe; 14% risk of failure)
Press: ? - help, Shift-Dir - straight line, f - jackal
Aim: a jackal You miscast Magic Dart.
You are very lightly contaminated with residual magic.
Nothing appears to happen.
The jackal bites you.
You die...

... .... ##..#
.........#..####g.# .
...#...#...#....>## . ..
.#.).#....#.##...# .. ..
##.#.#.....#K##...##...
#.#...#......#..........
#.....#.#...#g#....##..
#.#.....#....#h#.)..# #
#...#.<.#...#.h@#....#
..#...#.#...#..#.#....#
...#...#...#...#.#.####
....#...#.#....#.#.#
....##...#.....#.#.#
...#..#.#.#....#.#.# ..
....#...#...#...
....#.#...#..###
.......#...#.#


You could see 2 jackals, a hobgoblin and a kobold.

Vanquished Creatures
  An ooze (D:1)
  A leopard gecko (D:1)
  A hobgoblin (D:1)
3 creatures vanquished.

Notes
Turn   | Place    | Note
-------+----------+-------------------------------------------
     0 | D:1      | marklar909 the Draconian Hedge Wizard began the quest for
                  | the Orb.
     0 | D:1      | Reached XP level 1. HP: 14/14 MP: 4/4
   212 | D:1      | Reached XP level 2. HP: 4/20 MP: 0/6
   225 | D:1      | Slain by a jackal

Illustrated notes

Levels and vault maps discovered:
D:1:      matt_arrival_diagonals, layout_basic

Action                   || total
-------------------------++-------
Melee: Unarmed           ||     7
 Cast: Magic Dart        ||     9
Armor: Skin              ||     2
Dodge: Dodged            ||    10

Table legend: (Time is in decaauts)
 A = Elapsed time spent in this place.
 B = Non-inter-level travel time spent in this place.
 C = Inter-level travel time spent in this place.
 D = Time resting spent in this place.
 E = Time spent auto-exploring this place.
 F = Levels seen in this place.
 G = Mean time per level.
                   A        B        C        D        E       F      G
               +--------+--------+--------+--------+--------+-----+--------+
         Total |    225 |    225 |      0 |      0 |    157 |   1 |  225.0 |
       Dungeon |    225 |    225 |      0 |      0 |    157 |   1 |  225.0 |
               +--------+--------+--------+--------+--------+-----+--------+

Top non-repeatable levels by time:
     D:1: 225 daAuts
